[Event "Early-Titled-Tuesday-Blitz-September-12-2023"]
[Site "Chess.com"]
[Date "2023.09.12"]
[Round "4"]
[White "giomar27"]
[Black "Redzishchess"]
[Result "0-1"]
[WhiteElo "2276"]
[BlackElo "2502"]
[TimeControl "180+1"]
[EndTime "8:37:35 PDT"]
[Termination "Redzishchess won by resignation"]

1. e4 c5 2. Nf3 d6 3. d4 cxd4 4. Nxd4 Nf6 5. Nc3 g6 6. g3 Bg7 7. Bg2 O-O 8. O-O Nc6 9. Nde2 Bd7 10. h3 Rc8 11. g4 Ne5 12. a4 Qa5 13. f4 Nc4 14. b3 Nxg4 15. hxg4 Bxc3 16. Nxc3 Qxc3 17.
Ra2 Ne3 18. Bxe3 Qxe3+ 19. Kh1 Rc5 20. c4 Bxg4 21. Qxg4 Rh5+ 22. Bh3 Qxh3+ 23. Qxh3 Rxh3+ 24. Kg2 Rxb3 25. f5 Rc8 26. Raf2 f6 27. Rc2 Rb4 28. fxg6 hxg6 29. Rfc1 Rxa4 30. Kf3 Ra5 31. Ke3 Rac5 32.
Kd4 b5 33. Rg2 Rxc4+ 34. Rxc4 Rxc4+ 35. Kd5 Kf7 36. Ra2 Rc7 37. Ra5 g5 38. Kd4 Rb7 39.
Kd5 b4 40. Kc6 Rb6+ 41. Kc7 b3 42. Ra1 b2 43. Rb1 0-1

[Event "Early-Titled-Tuesday-Blitz-September-12-2023"]
[Site "Chess.com"]
[Date "2023.09.12"]
[Round "4"]
[White "Alex_Banzea"]
[Black "schack_vit"]
[Result "0-1"]
[WhiteElo "2632"]
[BlackElo "2435"]
[TimeControl "180+1"]
[EndTime "8:37:37 PDT"]
[Termination "schack_vit won by resignation"]

1. d4 d5 2. Nc3 Bf5 3. Bf4 c6 4. f3 Nf6 5. g4 Bg6 6. h4 h6 7. e3 Nbd7 8. Bd3 Bxd3 9. Qxd3 e6 10. Nge2 Qb6 11. O-O-O O-O-O 12. g5 Nh5 13. g6 Nxf4 14. Nxf4 e5 15. dxe5 Nxe5 16. Qf5+ Nd7 17. gxf7 Qxe3+ 18. Kb1 Qe5 19. Qg4 h5 20. Qg5 Qxg5 21. hxg5 Ne5 22. g6 Rd6 23. Rde1 Nxg6 24. Re8+ Kd7 25. Rxh5 Rxh5 26.
Nxh5 Re6 27. f4 Rxe8 28. fxe8=Q+ Kxe8 29. f5 Nh4 30. Ng3 Bd6 31. Nce2 Kf7 32. c3 Be5 33.
Kc2 Kf6 34. Kd3 Nxf5 0-1

[Event "Early-Titled-Tuesday-Blitz-September-12-2023"]
[Site "Chess.com"]
[Date "2023.09.12"]
[Round "4"]
[White "vladoboch"]
[Black "Journey_to_GrandMaster_YT"]
[Result "1-0"]
[WhiteElo "2427"]
[BlackElo "2602"]
[TimeControl "180+1"]
[EndTime "8:37:37 PDT"]
[Termination "vladoboch won by checkmate"]

1. e4 d6 2. d4 Nf6 3. Nc3 e5 4.
Nge2 c6 5. h3 b5 6. a3 a5 7. g4 Bb7 8. Bg2 Be7 9. Be3 Nbd7 10. Ng3 O-O 11. O-O b4 12. axb4 axb4 13. Rxa8 Qxa8 14. Nce2 exd4 15. Nxd4 g6 16. g5 Ne8 17. f4 c5 18. Nf3 Ng7 19. Nh2 Re8 20. Ng4 Ne6 21. Nh6+ Kg7 22. f5 Nxg5 23. fxg6 fxg6 24.
h4 Kxh6 25. Rf7 Ne5 26. hxg5+ Bxg5 27. Bxg5+ Kxg5 28. Qd2+ Kh4 29. Qf4+ Ng4 30. Rxh7# 1-0

[Event "Early-Titled-Tuesday-Blitz-September-12-2023"]
[Site "Chess.com"]
[Date "2023.09.12"]
[Round "4"]
[White "EvgenyBurmakin"]
[Black "HATilay"]
[Result "0-1"]
[WhiteElo "2285"]
[BlackElo "2552"]
[TimeControl "180+1"]
[EndTime "8:37:39 PDT"]
[Termination "HATilay won by resignation"]

1. e4 c5 2. Nc3 d6 3. Nf3 a6 4. d4 cxd4 5. Nxd4 Nf6 6. Be3 e5 7.
Nb3 Be7 8. f3 h5 9. Qd2 Be6 10.
O-O-O Nbd7 11. Nd5 Nxd5 12. exd5 Bf5 13. Bd3 Bxd3 14.
Qxd3 Bg5 15. Kb1 Bxe3 16. Qxe3 Qf6 17. Rhe1 O-O 18. Qe4 a5 19. a4 Rfc8 20. Re3 Rc7 21. c3 Rac8 22. Qc2 b6 23. Re4 Qg6 24. Re2 Qxc2+ 25. Kxc2 Rc4 26. Ra1 f5 27. Nd2 Rh4 28. g3 Rh3 29. Rg1 Nf6 30. c4 g5 31. Kd3 g4 32. fxg4 hxg4 33. Rf1 f4 34. Rg1 Kg7 35. b3 Kg6 36. Rf2 Kf5 37. Kc3 f3 38. Re1 e4 39. Re3 Rch8 40. Kd4 Rxh2 41. Rxh2 Rxh2 42. Nxe4 Nxe4 43. Rxe4 Rd2+ 44. Ke3 Re2+ 0-1

[Event "Early-Titled-Tuesday-Blitz-September-12-2023"]
[Site "Chess.com"]
[Date "2023.09.12"]
[Round "4"]
[White "BigAl"]
[Black "chessdjw"]
[Result "0-1"]
[WhiteElo "2542"]
[BlackElo "2750"]
[TimeControl "180+1"]
[EndTime "8:37:40 PDT"]
[Termination "chessdjw won on time"]

1. Nf3 g6 2. e4 Bg7 3. d4 d6 4.
Nc3 c6 5. Be3 e5 6. dxe5 dxe5 7.
Qxd8+ Kxd8 8. O-O-O+ Kc7 9. Bc5 Bg4 10. Bd6+ Kc8 11.
Bc4 Bxf3 12. gxf3 Nh6 13. Rd3 Nd7 14. Rhd1 Re8 15. a4 Bf8 16. Bc7 Nc5 17. Ba5 Nxd3+ 18. Rxd3 b6 19. Ba6+ Kc7 20. Nb5+ cxb5 21. Rc3+ Kd8 22.
Rd3+ Ke7 23. Bd2 Red8 24. Rc3 bxa4 0-1

[Event "Early-Titled-Tuesday-Blitz-September-12-2023"]
[Site "Chess.com"]
[Date "2023.09.12"]
[Round "4"]
[White "Agibileg"]
[Black "TimofeevAr"]
[Result "1-0"]
[WhiteElo "2644"]
[BlackElo "2837"]
[TimeControl "180+1"]
[EndTime "8:37:41 PDT"]
[Termination "Agibileg won by resignation"]

1. d4 e6 2. c4 Bb4+ 3. Nc3 d5 4.
a3 Bxc3+ 5. bxc3 Nf6 6. f3 O-O 7. cxd5 exd5 8. e3 Bf5 9. g4 Bg6 10. Ne2 Re8 11. Bg2 Nbd7 12. h4 h5 13. g5 Nh7 14.
Kf2 Nb6 15. Nf4 Nf8 16. a4 Nc4 17. Bf1 Nd6 18. Ba3 c6 19. a5 Ne6 20. Nxg6 fxg6 21.
Bxd6 Qxd6 22. Bd3 Rf8 23. Rb1 b5 24. Qc2 c5 25. Bxg6 cxd4 26. cxd4 Rac8 27. Qd3 b4 28. Bh7+ Kh8 29. Qg6 Rc3 30. Qxh5 Rc2+ 31. Bxc2+ 1-0

[Event "Early-Titled-Tuesday-Blitz-September-12-2023"]
[Site "Chess.com"]
[Date "2023.09.12"]
[Round "4"]
[White "GM4life"]
[Black "AradNazari"]
[Result "0-1"]
[WhiteElo "2535"]
[BlackElo "2736"]
[TimeControl "180+1"]
[EndTime "8:37:41 PDT"]
[Termination "AradNazari won by resignation"]

1. e4 e6 2. d4 d5 3. Nd2 Nf6 4.
e5 Nfd7 5. Bd3 c5 6. c3 Nc6 7. Ngf3 Qb6 8. O-O f6 9. exf6 Nxf6 10. Qe2 cxd4 11. cxd4 Bd6 12. Nb3 O-O 13. h3 Bd7 14. Be3 Rae8 15. Ne5 Re7 16. Rac1 Be8 17. f4 Nb4 18.
Nc5 Nxa2 19. Ra1 Nb4 20. Bb1 Bb5 21. Ncd3 Ne4 22. Qf3 Nxd3 23. Nxd3 Ref7 24. Ne5 Bxf1 25.
Nxf7 Qxb2 26. Qxf1 Qxa1 27. Nxd6 Qc3 28. Nxe4 Qxe3+ 29. Nf2 Rxf4 30. Kh2 Rxf2 31. Qb5 Qf4+ 32. Kg1 Qxd4 33.
Qe8+ Rf8+ 0-1

[Event "Early-Titled-Tuesday-Blitz-September-12-2023"]
[Site "Chess.com"]
[Date "2023.09.12"]
[Round "4"]
[White "OparinGrigoriy"]
[Black "Hanging_pointer"]
[Result "0-1"]
[WhiteElo "3008"]
[BlackElo "2628"]
[TimeControl "180+1"]
[EndTime "8:37:45 PDT"]
[Termination "Hanging_pointer won on time"]

1. d4 d5 2. c4 c6 3. Nf3 Nf6 4. Nc3 dxc4 5. a4 Bf5 6. e3 e6 7. Bxc4 Bb4 8. O-O Nbd7 9. Qe2 a5 10. e4 Bg6 11. e5 Nd5 12. Ne4 N7b6 13. Bd3 Be7 14. Rd1 O-O 15. h3 h6 16. Ng3 Nb4 17. Be4 N6d5 18. Ra3 Qd7 19. Nh2 b6 20. Nh5 f5 21. Rg3 Bxh5 22. Qxh5 fxe4 23. Ng4 Bg5 24. Nxh6+ Bxh6 25. Bxh6 Rf7 26. Re1 Nd3 27. Rxe4 N5f4 28.
Qh4 Qe7 29. Bg5 Qb4 30. Bxf4 Nc5 31. Re2 Qxd4 32. Be3 Qxh4 33. Rg4 Qh5 0-1

[Event "Early-Titled-Tuesday-Blitz-September-12-2023"]
[Site "Chess.com"]
[Date "2023.09.12"]
[Round "4"]
[White "MokshAD1603"]
[Black "tptagain"]
[Result "0-1"]
[WhiteElo "2583"]
[BlackElo "2928"]
[TimeControl "180+1"]
[EndTime "8:37:46 PDT"]
[Termination "tptagain won by resignation"]

1. d4 d5 2. c4 e6 3. Nf3 c6 4. Bg5 Be7 5. Bxe7 Qxe7 6. Nbd2 Nf6 7. g3 O-O 8. Bg2 b6 9. O-O Bb7 10. Ne5 Nbd7 11. Nd3 c5 12. dxc5 Nxc5 13. Nxc5 Qxc5 14. cxd5 Bxd5 15. Rc1 Qb5 16. Bxd5 Qxd5 17. Nc4 Qh5 18. Ne3 Qb5 19. Qc2 h5 20. h4 Rac8 21. Qxc8 Rxc8 22. Rxc8+ Kh7 23. Rc2 Ne4 24. Rd1 Qe5 25. Ng2 Nxf2 26. Rf1 Ng4 27. Rxf7 Nh6 28. Rd7 Nf5 29. Rcc7 a5 30.
Rc6 Qxg3 31. Rxe6 Nxh4 0-1

[Event "Early-Titled-Tuesday-Blitz-September-12-2023"]
[Site "Chess.com"]
[Date "2023.09.12"]
[Round "4"]
[White "CraiggoryC"]
[Black "Ruchess27"]
[Result "0-1"]
[WhiteElo "2237"]
[BlackElo "2474"]
[TimeControl "180+1"]
[EndTime "8:37:46 PDT"]
[Termination "Ruchess27 won on time"]

1. e4 e5 2. Nc3 Nc6 3. f4 exf4 4. Nf3 Bb4 5. Nd5 Nge7 6. Nxb4 Nxb4 7. c3 Nbc6 8. d4 d5 9. e5 Bg4 10. Bxf4 O-O 11.
Bd3 Ng6 12. Bg3 f6 13. exf6 Re8+ 14. Kf2 Qxf6 15. Rf1 Nf4 16. Kg1 Re3 17. Bxf4 Qxf4 18. Qc2 Bxf3 19. Bxh7+ Kh8 20. Rxf3 Rxf3 21. gxf3 Qxf3 22.
Rf1 Qg4+ 23. Kh1 Re8 24. Qg6 Qe2 0-1

[Event "Early-Titled-Tuesday-Blitz-September-12-2023"]
[Site "Chess.com"]
[Date "2023.09.12"]
[Round "4"]
[White "Ind1anStar"]
[Black "SchmakAttack"]
[Result "0-1"]
[WhiteElo "2548"]
[BlackElo "2780"]
[TimeControl "180+1"]
[EndTime "8:37:47 PDT"]
[Termination "SchmakAttack won by resignation"]

1. d4 f5 2. g3 Nf6 3. Bg2 g6 4.
Nc3 Bg7 5. e4 fxe4 6. Nxe4 Nxe4 7. Bxe4 d5 8. Bg2 Nc6 9. c3 O-O 10. Ne2 Kh8 11. O-O e5 12. dxe5 Nxe5 13. Qxd5 Qe7 14.
Bf4 Rd8 15. Qe4 Bf5 16. Qxb7 Rab8 17. Qxa7 Nd3 18. Qe3 Qd7 19. Rfd1 Rxb2 20. Nd4 Nxf2 21. Rd2 Rxd2 22. Qxd2 Ne4 23. Bxe4 Bxe4 24. Re1 Ba8 25. Bg5 Qd5 26. Bxd8 Qh1+ 27. Kf2 Qg2+ 28. Ke3 Bh6+ 29. Kd3 Qxd2+ 30. Kc4 Qxe1 31. Bf6+ Kg8 0-1

[Event "Early-Titled-Tuesday-Blitz-September-12-2023"]
[Site "Chess.com"]
[Date "2023.09.12"]
[Round "4"]
[White "jraosam"]
[Black "Predator0608"]
[Result "0-1"]
[WhiteElo "1994"]
[BlackElo "2618"]
[TimeControl "180+1"]
[EndTime "8:37:47 PDT"]
[Termination "Predator0608 won on time"]

1. e4 c5 2. Nf3 d6 3. d4 cxd4 4.
Nxd4 Nf6 5. Nc3 a6 6. Bg5 Qb6 7. Bxf6 gxf6 8. Nd5 Qd8 9. Be2 e6 10. Ne3 Nc6 11. O-O Qb6 12. Nxc6 bxc6 13. c3 Rg8 14. Nc4 Qc7 15. g3 Be7 16. a4 d5 17. exd5 cxd5 18. Nd2 Bc5 19. Nb3 Ba7 20. Kg2 Bb7 21. Bf3 f5 22.
Re1 Qb6 23. Re2 O-O-O 24. a5 Qc7 25. Qd3 f4 26. Rae1 fxg3 27. hxg3 Kb8 28. Rh1 e5 29. Qf5 e4 30. Bh5 Rg7 31. Nd4 Rdg8 32. Rh3 Bc8 33. Qf6 Bxh3+ 34. Kxh3 Rxg3+ 35. Kh4 R3g6 36. Bxg6 Qh2+ 0-1

[Event "Early-Titled-Tuesday-Blitz-September-12-2023"]
[Site "Chess.com"]
[Date "2023.09.12"]
[Round "4"]
[White "LuisFSiles"]
[Black "subham777"]
[Result "1-0"]
[WhiteElo "2376"]
[BlackElo "2542"]
[TimeControl "180+1"]
[EndTime "8:37:47 PDT"]
[Termination "LuisFSiles won by resignation"]

1. e4 e6 2. d4 d5 3. e5 c5 4. c3 Nc6 5. Nf3 Qb6 6. a3 g6 7. b4 cxd4 8. cxd4 Bg7 9. Nc3 Nge7 10.
Bd3 Bd7 11. Be3 O-O 12. Na4 Qd8 13. Nc5 b6 14. Nxd7 Qxd7 15. h4 h5 16. g4 hxg4 17.
Ng5 f5 18. exf6 Bxf6 19. Qxg4 Bg7 20. h5 Rf5 21. hxg6 Nxg6 22. Nxe6 Rf6 23. Bf5 Rxf5 24. Qxf5 Qf7 25. Nxg7 Qxg7 26. Qxd5+ Qf7 27. Qxc6 Re8 28. Rg1 Kg7 29. O-O-O Qf5 30. Qxe8 Qc8+ 31. Qxc8 1-0

[Event "Early-Titled-Tuesday-Blitz-September-12-2023"]
[Site "Chess.com"]
[Date "2023.09.12"]
[Round "4"]
[White "LangesNasenhaar"]
[Black "Francisco_Ferrari"]
[Result "0-1"]
[WhiteElo "2454"]
[BlackElo "2180"]
[TimeControl "180+1"]
[EndTime "8:37:48 PDT"]
[Termination "Francisco_Ferrari won by checkmate"]

1. d4 d5 2. Nc3 c6 3. Bf4 Nf6 4.
e3 e6 5. Nf3 Bd6 6. Ne5 Qc7 7.
Qf3 a6 8. g4 h6 9. h4 Nbd7 10.
Nd3 Bxf4 11. exf4 c5 12. dxc5 Nxc5 13. g5 Nfe4 14. Nxc5 Nxc5 15. O-O-O Bd7 16. Bh3 O-O-O 17. Rhe1 Kb8 18. Kb1 Rc8 19. Ne2 Ne4 20. Nd4 hxg5 21. hxg5 Rh4 22. Bg4 Rxg4 23. Qxg4 e5 24. Nf5 Qxc2+ 25.
Ka1 g6 26. Ne7 Bxg4 27. Rb1 Nd2 28. Rbc1 Qxc1+ 29. Rxc1 Rxc1# 0-1

[Event "Early-Titled-Tuesday-Blitz-September-12-2023"]
[Site "Chess.com"]
[Date "2023.09.12"]
[Round "4"]
[White "KChor05TTV"]
[Black "artin10862"]
[Result "0-1"]
[WhiteElo "2588"]
[BlackElo "2939"]
[TimeControl "180+1"]
[EndTime "8:37:49 PDT"]
[Termination "artin10862 won by resignation"]

1. e4 c5 2. Nf3 d6 3. d4 cxd4 4. Nxd4 Nf6 5. Nc3 a6 6. Be2 e6 7.
O-O Be7 8. Kh1 b5 9. Bf3 Ra7 10. Be3 Rc7 11. g4 Bb7 12. g5 Nfd7 13. Bg2 Bxg5 14. Qh5 Bxe3 15. Nxe6 g6 16. Nxd8 gxh5 17. Nxb7 Rxb7 18. fxe3 Ne5 19. Rad1 Rb6 20. Nd5 Rc6 21. c3 Nbd7 22. Bh3 Nb6 23. Nf6+ Ke7 24. Nxh5 Nbc4 25. Nf4 Nxe3 26. Nd5+ Nxd5 27. exd5 Rc4 28.
Rde1 Rg8 29. Bf5 h6 30. Re4 Rg5 31. Rd4 Rh5 32. Rxc4 Nxc4 33. Bc8 a5 34. Ba6 Rxd5 35. b3 Ne5 36. Re1 b4 37. cxb4 axb4 0-1

[Event "Early-Titled-Tuesday-Blitz-September-12-2023"]
[Site "Chess.com"]
[Date "2023.09.12"]
[Round "4"]
[White "DeArron_Fox"]
[Black "Willychess95"]
[Result "0-1"]
[WhiteElo "2501"]
[BlackElo "2704"]
[TimeControl "180+1"]
[EndTime "8:37:50 PDT"]
[Termination "Willychess95 won by checkmate"]

1. d4 Nf6 2. c4 e6 3. Nf3 Bb4+ 4.
Bd2 a5 5. g3 O-O 6. Bg2 d5 7.
Qc2 c5 8. O-O Nc6 9. a3 Bxd2 10.
Qxd2 dxc4 11. dxc5 Qe7 12. Qd6 Qxd6 13. cxd6 Rd8 14. Nbd2 c3 15. bxc3 Rxd6 16. Nc4 Rd8 17. Rfd1 Bd7 18. Nb6 Ra6 19. Rab1 Be8 20. Rxd8 Nxd8 21.
Ne5 Kf8 22. c4 Ke7 23. c5 a4 24. Nc8+ Kf8 25. Bxb7 Ra5 26. Nd3 Bb5 27. Ne5 Nxb7 28. c6 Nc5 29. Nd6 Nb3 30. c7 Ba6 31. c8=Q+ Bxc8 32. Nxc8 Rxe5 33. Nb6 Rxe2 34. Nxa4 Nd2 35. Rb8+ Ke7 36.
Rb7+ Ke8 37. Nc5 Nde4 38. Na6 Rxf2 39. Nc7+ Kd8 40. Nb5 Ng4 41. a4 Ne3 42. a5 Rf1# 0-1

[Event "Early-Titled-Tuesday-Blitz-September-12-2023"]
[Site "Chess.com"]
[Date "2023.09.12"]
[Round "4"]
[White "iwanyu"]
[Black "Defend1r"]
[Result "1-0"]
[WhiteElo "2696"]
[BlackElo "2522"]
[TimeControl "180+1"]
[EndTime "8:37:51 PDT"]
[Termination "iwanyu won by checkmate"]

1. d4 Nf6 2. c4 e6 3. Nf3 d5 4. g3 dxc4 5. Bg2 Bb4+ 6. Bd2 a5 7. Qc2 b5 8. O-O Bxd2 9. Nbxd2 Nd5 10. Ne5 c6 11. b3 c3 12. Ne4 b4 13. a3 Ba6 14.
Nc5 Qc7 15. axb4 axb4 16. Ra4 f6 17. Nc4 Bxc4 18. Rxa8 Bb5 19. Rfa1 O-O 20. Nxe6 Qb6 21. Nxf8 Kxf8 22. Bxd5 cxd5 23. Qxh7 Kf7 24. Qh5+ Ke7 25.
R1a7+ Nd7 26. Qxd5 Bc6 27. Qg8 c2 28. Qxg7+ Ke6 29.
Re8+ Kd5 30. Qf7+ Kxd4 31. Qc4# 1-0

[Event "Early-Titled-Tuesday-Blitz-September-12-2023"]
[Site "Chess.com"]
[Date "2023.09.12"]
[Round "4"]
[White "Jojo_898"]
[Black "PawnEatingZombie"]
[Result "0-1"]
[WhiteElo "2353"]
[BlackElo "2194"]
[TimeControl "180+1"]
[EndTime "8:37:51 PDT"]
[Termination "PawnEatingZombie won by resignation"]

1. e4 Nf6 2. e5 Nd5 3. c4 Nb6 4.
d4 d6 5. exd6 cxd6 6. Nc3 g6 7.
h3 Bg7 8. Nf3 O-O 9. Be2 Nc6 10.
O-O Bf5 11. Be3 Rc8 12. Rc1 e5 13. d5 Nd4 14. Nxd4 exd4 15. Bxd4 Bh6 16. b3 Bxc1 17. Qxc1 f6 18. g4 Bd7 19. Qh6 Qe7 20. g5 Bf5 21. gxf6 Rxf6 22. Bxf6 Qxf6 23. Qe3 Kf7 24. Nb5 Re8 25. Qf3 a6 26. Nc3 Nd7 27. Qg3 h5 28. Rc1 h4 29. Qg2 Qd4 30. Qg5 Ne5 31. Bf1 Nf3+ 0-1

[Event "Early-Titled-Tuesday-Blitz-September-12-2023"]
[Site "Chess.com"]
[Date "2023.09.12"]
[Round "4"]
[White "Zheenbekov86"]
[Black "Frolyanov_D"]
[Result "0-1"]
[WhiteElo "2410"]
[BlackElo "2643"]
[TimeControl "180+1"]
[EndTime "8:37:52 PDT"]
[Termination "Frolyanov_D won on time"]

1. e4 e5 2. Nf3 Nf6 3. d4 Nxe4 4. Bd3 Nc6 5. Bxe4 d5 6. Bd3 e4 7. Be2 exf3 8. Bxf3 Be7 9. O-O O-O 10. c3 Bf6 11.
Bf4 Ne7 12. Nd2 c6 13. Re1 Ng6 14. Bg3 Nh4 15. Be2 Nf5 16. Bf4 Bg5 17. Be5 Nd6 18. Nf3 Ne4 19. Nxg5 Qxg5 20. Bd3 Bh3 21. g3 Rfe8 22. Bf4 Qf6 23. Qc2 g5 24. Be5 Qf3 25.
Bf1 Bxf1 26. Rxf1 f6 27. Bc7 Rac8 28. Ba5 g4 29. Qd1 Ng5 30. Qxf3 Nxf3+ 31. Kg2 Re2 32. b3 Rce8 33. Bc7 Nd2 34. Rfd1 Ne4 35. Rf1 Nxc3 36. Bf4 Nb5 37. Be3 R8xe3 0-1

[Event "Early-Titled-Tuesday-Blitz-September-12-2023"]
[Site "Chess.com"]
[Date "2023.09.12"]
[Round "4"]
[White "yuki_chess123"]
[Black "HansOnTwitch"]
[Result "0-1"]
[WhiteElo "2183"]
[BlackElo "3038"]
[TimeControl "180+1"]
[EndTime "8:37:52 PDT"]
[Termination "HansOnTwitch won on time"]

1. e4 c5 2. Nf3 Nc6 3. Bb5 g6 4.
Bxc6 bxc6 5. d3 Bg7 6. Nc3 d6 7. e5 dxe5 8. O-O f6 9. Be3 c4 10. dxc4 Qxd1 11. Rfxd1 Nh6 12. Bc5 Nf7 13. h3 f5 14. Na4 g5 15. Re1 h5 16. h4 g4 17. Ng5 Nxg5 18. hxg5 h4 19. Bb4 e4 20. Bc3 Bxc3 21. Nxc3 Rg8 22. Ne2 Rxg5 23. Nd4 Bd7 24. Nb3 Be6 25. Na5 c5 26. b3 h3 27. g3 Rc8 28. Kh2 Kd7 29. a3 Kc7 30. b4 Rgg8 31.
bxc5 Rgd8 32. Red1 Rxd1 33. Rxd1 Rb8 34. Rd2 Rb2 35.
c6 Ra2 36. Nb3 Bxc4 37. Nd4 e6 38. a4 Rxa4 39. c3 Ra2 40. Rxa2 Bxa2 41. Nb5+ Kxc6 42. Nxa7+ Kc5 43. Nc8 e5 44. Ne7 f4 45. Ng6 e3 0-1

[Event "Early-Titled-Tuesday-Blitz-September-12-2023"]
[Site "Chess.com"]
[Date "2023.09.12"]
[Round "4"]
[White "Witty_Alien"]
[Black "Barmen_EV"]
[Result "1-0"]
[WhiteElo "2173"]
[BlackElo "2443"]
[TimeControl "180+1"]
[EndTime "8:37:52 PDT"]
[Termination "Witty_Alien won on time"]

1. e4 c5 2. Nf3 Nc6 3. d4 cxd4 4. c3 e5 5. cxd4 exd4 6. Bc4 Nf6 7. O-O Nxe4 8. Re1 d5 9. Bxd5 Qxd5 10. Nc3 Qh5 11. Nxe4 Be6 12. Bf4 Be7 13. Nd6+ Bxd6 14. Bxd6 O-O-O 15. Bg3 Bd5 16. Rc1 Bxf3 17. gxf3 Qd5 18. Qa4 a6 19. Re5 Qd7 20. Re7 Qxe7 21. Rxc6+ Kd7 22. Rd6+ Kc8 23. Qc4+ Kb8 24. Rxa6+ 1-0

[Event "Early-Titled-Tuesday-Blitz-September-12-2023"]
[Site "Chess.com"]
[Date "2023.09.12"]
[Round "4"]
[White "temiksmozg"]
[Black "Daniel_Salinas"]
[Result "0-1"]
[WhiteElo "2621"]
[BlackElo "2378"]
[TimeControl "180+1"]
[EndTime "8:37:53 PDT"]
[Termination "Daniel_Salinas won by checkmate"]

1. d4 Nf6 2. c4 a6 3. Nc3 c5 4. d5 b5 5. cxb5 axb5 6. e4 b4 7. Nb5 d6 8. a4 g6 9. Qc2 Bg7 10.
Nf3 O-O 11. h3 e6 12. dxe6 Bxe6 13. Bg5 h6 14. Bh4 b3 15. Qb1 Qa5+ 16. Nd2 Nc6 17. Bd3 d5 18. Nc3 c4 19. Be2 d4 20. Nb5 c3 21. bxc3 dxc3 22. Nxb3 Qb4 23. N3d4 Nxd4 24. Nxd4 Qxd4 25. O-O Qxe4 26. Bf3 Qxh4 27. Bxa8 Rxa8 28. a5 Bd5 29. a6 Ne4 30. a7 Bd4 31. Ra4 Bxf2+ 32.
Kh2 Qg3+ 33. Kh1 Nd2 34. Qc2 Qxg2# 0-1

[Event "Early-Titled-Tuesday-Blitz-September-12-2023"]
[Site "Chess.com"]
[Date "2023.09.12"]
[Round "4"]
[White "alexrustemov"]
[Black "Biregina"]
[Result "1-0"]
[WhiteElo "2871"]
[BlackElo "2434"]
[TimeControl "180+1"]
[EndTime "8:37:53 PDT"]
[Termination "alexrustemov won on time"]

1. d4 d6 2. Nf3 Nf6 3. c4 Nbd7 4.
Nc3 e5 5. g3 Be7 6. Bg2 O-O 7.
O-O c6 8. e4 exd4 9. Nxd4 Re8 10. h3 Bf8 11. Re1 Nc5 12. Qc2 a5 13. Bf4 Nh5 14.
Be3 Nf6 15. Rad1 Qc7 16. b3 Bd7 17. f4 Rad8 18. Bf2 Bc8 19. a3 Ne6 20. Kh2 g6 21. Nde2 Bg7 22. b4 axb4 23. axb4 b6 24. Rd2 Ba6 25.
Qb3 Bb7 26. Red1 Bf8 27. Na4 c5 28. Nec3 Nd4 29. Bxd4 cxd4 30. Rxd4 Bc6 31. Nb5 Bxb5 32. cxb5 Bg7 33. Nc3 Rd7 34. Rc4 Qd8 35. Rc6 h5 36.
Nd5 Nxd5 37. Rxd5 h4 38. gxh4 Qxh4 39. Qg3 Qf6 40. e5 Qd8 41. Rcxd6 Rxd6 42. Rxd6 Qc7 43. Qe3 Qc4 44. Rxb6 Bh6 45. Kg3 Qc1 46. Qxc1 1-0

[Event "Early-Titled-Tuesday-Blitz-September-12-2023"]
[Site "Chess.com"]
[Date "2023.09.12"]
[Round "4"]
[White "GamayevOleg"]
[Black "MikeSailer"]
[Result "1-0"]
[WhiteElo "2472"]
[BlackElo "2168"]
[TimeControl "180+1"]
[EndTime "8:37:56 PDT"]
[Termination "GamayevOleg won on time"]

1. d4 d5 2. Bf4 Nf6 3. e3 Bg4 4.
Nf3 e6 5. c4 Bb4+ 6. Nc3 Ne4 7.
Qb3 Nc6 8. Ne5 Bxc3+ 9. bxc3 Nxe5 10. Bxe5 f6 11. Bf4 g5 12. Bg3 Nxg3 13. hxg3 Rb8 14. f3 Bf5 15. g4 Bg6 16. cxd5 exd5 17. c4 c6 18. cxd5 Qa5+ 19. Kf2 Qxd5 20. Qxd5 cxd5 21. Bb5+ Ke7 22. Rhc1 Rbc8 23. Ke2 a6 24. Ba4 b5 25. Bb3 Bf7 26. a4 Rxc1 27. Rxc1 Kd6 28. axb5 axb5 29. Rc5 Rb8 30. Kd2 b4 31. e4 Ra8 32. Bxd5 Bxd5 33.
Rxd5+ Ke6 34. Rb5 Ra2+ 35. Ke3 Rxg2 36. Rxb4 Rh2 37. Rb6+ Ke7 38. e5 h5 39. gxh5 fxe5 40. h6 exd4+ 41. Kxd4 Kf7 42. Ke4 Rh1 43. Kf5 Rf1 44.
Rb7+ Kg8 45. Kg6 1-0

[Event "Early-Titled-Tuesday-Blitz-September-12-2023"]
[Site "Chess.com"]
[Date "2023.09.12"]
[Round "4"]
[White "djano"]
[Black "GodDMuhammad"]
[Result "1-0"]
[WhiteElo "2633"]
[BlackElo "2353"]
[TimeControl "180+1"]
[EndTime "8:37:57 PDT"]
[Termination "djano won by resignation"]

1. e4 e5 2. Nf3 f5 3. Nxe5 Qf6 4. d4 d6 5. Nc4 fxe4 6. Nc3 Qg6 7. Ne3 c6 8. d5 Nf6 9. Bc4 Be7 10. a4 Nbd7 11. O-O Ne5 12. Kh1 Bg4 13. Nxg4 Nfxg4 14. Be2 O-O 15. Be3 Nxe3 16. fxe3 Rxf1+ 17. Qxf1 Rf8 18. Qe1 Bg5 19. Qg3 Qh6 20. dxc6 bxc6 21. Nxe4 Bxe3 22. Nxd6 Bf4 23. Qb3+ Kh8 24. g3 Qxd6 25. gxf4 Rxf4 26. Rd1 Qc7 27. Qb7 Qf7 28. Rd8+ Qf8 29. Rxf8+ Rxf8 30. Qe7 Ng6 31. Qxa7 h6 32. a5 Nf4 33. Bf3 Re8 34. Kg1 Re1+ 35. Kf2 Ra1 36. Qb8+ Kh7 37. Qxf4 1-0

[Event "Early-Titled-Tuesday-Blitz-September-12-2023"]
[Site "Chess.com"]
[Date "2023.09.12"]
[Round "4"]
[White "hansen"]
[Black "AliKa2810"]
[Result "1-0"]
[WhiteElo "2877"]
[BlackElo "2571"]
[TimeControl "180+1"]
[EndTime "8:37:58 PDT"]
[Termination "hansen won by checkmate"]

1. e4 e6 2. d4 d5 3. Nd2 c5 4. exd5 exd5 5. Ngf3 Nc6 6. Bb5 Qe7+ 7. Qe2 Qxe2+ 8.
Bxe2 Bf5 9. Kd1 Nb4 10. Bb5+ Kd8 11. c3 Nc6 12. Nb3 c4 13. Nc5 Kc7 14. Bf4+ Kb6 15. Bxc6 bxc6 16. Ne5 Nh6 17. Ned7+ Bxd7 18. Nxd7+ Kb7 19.
b3 cxb3 20. axb3 Nf5 21. Re1 Bd6 22. Bxd6 Nxd6 23. Re7 Rhe8 24. Nc5+ Kb6 25. Rd7 Red8 26. Ra6+ Kb5 27. Rdxa7 Rxa7 28. Rxa7 g6 29. f3 h5 30. Kc2 Re8 31. Rd7 Re2+ 32. Kd3 Rxg2 33. Rxd6 Rxh2 34. Rd7 h4 35. Rb7+ Ka5 36. b4# 1-0

[Event "Early-Titled-Tuesday-Blitz-September-12-2023"]
[Site "Chess.com"]
[Date "2023.09.12"]
[Round "4"]
[White "cthulhuuu"]
[Black "DumbKing75"]
[Result "0-1"]
[WhiteElo "2463"]
[BlackElo "2664"]
[TimeControl "180+1"]
[EndTime "8:37:58 PDT"]
[Termination "DumbKing75 won on time"]

1. e4 c5 2. Nf3 d6 3. g3 Nc6 4.
Bg2 g6 5. O-O Bg7 6. d3 e6 7. c3 Nge7 8. d4 O-O 9. Re1 b6 10. e5 cxd4 11. cxd4 dxe5 12. dxe5 Qxd1 13. Rxd1 Ba6 14. Nc3 Rad8 15. Bf4 h6 16. h4 Nb4 17. a4 Nec6 18. Bf1 Bxf1 19. Kxf1 Nd3 20. Nb5 Ndxe5 21. Rxd8 Rxd8 22. Nxe5 Nxe5 23. Nxa7 Nd3 24. Be3 Rb8 25. Nc6 Rb7 26. Nd8 Rd7 27. Bxb6 Nxb2 28.
a5 Nc4 29. a6 Bxa1 30. a7 Nxb6 0-1

[Event "Early-Titled-Tuesday-Blitz-September-12-2023"]
[Site "Chess.com"]
[Date "2023.09.12"]
[Round "4"]
[White "Khromkin"]
[Black "Kirill_Klukin"]
[Result "0-1"]
[WhiteElo "2428"]
[BlackElo "2750"]
[TimeControl "180+1"]
[EndTime "8:37:58 PDT"]
[Termination "Kirill_Klukin won on time"]

1. d4 d5 2. c4 c6 3. Nf3 e6 4.
Nc3 dxc4 5. e3 b5 6. Be2 Nf6 7. O-O Bb7 8. a4 a6 9. Ne5 Nbd7 10. f4 Bb4 11. Bf3 Nd5 12. Bd2 a5 13. e4 Nxc3 14. bxc3 Be7 15. Ng4 b4 16. e5 Qc7 17.
Ne3 Nb6 18. f5 bxc3 19. Bxc3 Nd5 20. Nxd5 cxd5 21. fxe6 fxe6 22. Bh5+ g6 23. Bg4 Bc8 24. Qf3 Bg5 25. Qh3 Qe7 26. Rab1 h5 0-1